 Dungeon Sprint DCSS version 0.21-a0-201-g8501b10 (webtiles) character file.

5982 KristoblXynda the Severer (level 10, -4/84 HPs)
             Began as a Minotaur Fighter on Aug 18, 2017.
             Was the Champion of the Shining One.
             Slain by a scimitar of slicing (19 damage)
             ... in the Dungeon (Sprint V: "Ziggurat Sprint").
             The game lasted 00:06:54 (1899 turns).

KristoblXynda the Severer (Minotaur Fighter)        Turns: 1899, Time: 00:06:55

Health: -4/84      AC: 22    Str: 28    XL:     10   Next: 55%
Magic:  12/13      EV: 11    Int:  6    God:    the Shining One [******]
Gold:   0          SH:  0    Dex: 17    Spells: 9/9 levels left

rFire    . . .     SeeInvis .   n - +5 broad axe (chop)
rCold    . . .     Gourm    .   m - +3 shield
rNeg     + + +     Faith    .   l - +5 plate armour
rPois    .         Spirit   .   (helmet restricted)
rElec    .         Reflect  .   (no cloak)
rCorr    .         Harm     .   (no gloves)
MR       .....     NoTele   +   (no boots)
Stlth    ..........             H - amulet of regeneration
HPRegen  0.64/turn              I - +6 ring of strength
MPRegen  0.13/turn              E - +6 ring of dexterity

@: confused, glowing
A: retaliatory headbutt, horns 2
a: Divine Shield, Cleansing Flame, Summon Divine Warrior, Brand Weapon With Holy
Wrath, Renounce Religion


You were in the Dungeon.
You worshipped the Shining One.
The Shining One was exalted by your worship.
You were not hungry.

You visited 1 branch

Inventory:

Hand Weapons
 n - a +5 broad axe of chopping (weapon)
Armour
 l - a +5 plate armour (worn)
 m - a +3 shield (worn)
Jewellery
 E - a +6 ring of dexterity (right hand)
 H - an amulet of regeneration (around neck)
 I - a +6 ring of strength (left hand)
Wands
 y - a wand of disintegration (7/24)
 A - a wand of iceblast (5/15)
 B - a wand of lightning (5/15)
 C - a wand of acid (5/15)
Scrolls
 c - 4 scrolls of amnesia
 k - 4 scrolls of blinking
 o - 3 scrolls of recharging
 p - 7 scrolls of fog
 q - a scroll of holy word
 r - 5 scrolls of identify
 s - 5 scrolls of remove curse
 t - 2 scrolls of fear
Potions
 d - 7 potions of might
 e - 10 potions of curing
 g - 10 potions of heal wounds
 h - 6 potions of haste
 i - 7 potions of magic
 j - a potion of berserk rage
 u - 2 potions of brilliance
 v - 2 potions of invisibility
 w - 3 potions of resistance
 z - 5 potions of agility
Miscellaneous
 x - 2 phantom mirrors
 D - a sack of spiders
 F - a lamp of fire
 G - a phial of floods
 J - a fan of gales
Comestibles
 a - 42 fruits
 b - 3 meat rations
 f - 5 bread rations


   Skills:
 + Level 6.9 Fighting
 - Level 16.6 Axes
 + Level 15.7 Armour
 + Level 4.6 Dodging
 - Level 15.0 Shields
 + Level 6.4 Evocations


You had 9 spell levels left.
You didn't know any spells.

Dungeon Overview and Level Annotations

Branches:
Dungeon (1/1)

Altars:
Ashenzari
Cheibriados
Dithmenos
Elyvilon
Fedhas
Gozag
Hepliaklqana
Kikubaaqudgha
Makhleb
Nemelex Xobeh
Okawaru
Qazlal
Ru
Sif Muna
Trog
Uskayaw
Vehumet
Wu Jian
Xom
Yredelemnul
Zin
The Shining One
Beogh
Jiyva
Lugonu

Annotations:
D 1 transporter


Innate Abilities, Weirdness & Mutations

You reflexively headbutt those who attack you in melee.
You have a pair of horns on your head.


Message History

* * * LOW HITPOINT WARNING * * *
The dire flail of holy wrath hits you!
* * * LOW HITPOINT WARNING * * *
The fire crab bites you but does no damage.
The fire crab closely misses you.
The deep elf archer unwields an uncursed shortbow.
The deep elf archer wields an uncursed short sword.
The deep elf archer closely misses you.
The scimitar of slicing hits you but does no damage.
Things that are here:
a long sword; an elf corpse You slash the fire crab!
You headbutt the fire crab!
The fire crab is heavily wounded.
You barely miss the dire flail of holy wrath.
You hit the scimitar of slicing but do no damage.
You slash the deep elf archer!
The dire flail of holy wrath hits you but does no damage.
The fire crab bites you but does no damage.
The fire crab barely misses you. The scimitar of slicing hits you!!
You die...

▓▓▓▓▓▓▓▓▓▓▓▓▓▓▓▓▓▓▓
▓...8©8...▓..8©8..▓
▓..[[)}...▓..))[..▓
▓...}||...▓...[...▓
▓....§....▓.......▓
▓.....§...▓..)))..▓
▓..§......▓..÷÷...▓
▓...t(§...▓.......▓
▓.▓(@...▓.▓.▓...▓.▓
▓...(e....▓...©...▓
▓▓▓▓▓▓▓▓▓▓▓▓▓▓▓▓▓▓▓
▓..8©8..▓ ▓..=})..▓
▓...))..▓ ▓.......▓
▓.......▓ ▓.......▓


You could see a fire crab shaped shifter, a deep elf archer and 2 dancing
weapons.

Vanquished Creatures
  2 dancing weapons (D)
  5 deep elf magi (D)
  3 black mambas (D)
  Sigmund (D)
  A fire elemental (D)
  A basilisk (shapeshifter) (D)
  A small abomination (D)
  3 nagas (D)
  Blork the orc (D)
  Dowan (D)
  A crimson imp (D)
  A quasit (D)
  Crazy Yiuf (D)
  An iron imp (D)
  Jessica (D)
  3 mummies (D)
  4 shadow imps (D)
  A giant cockroach zombie (D)
32 creatures vanquished.

Vanquished Creatures (others)
  A dancing weapon (D)
1 creature vanquished.

Grand Total: 33 creatures vanquished

Notes
Turn   | Place    | Note
-------+----------+-------------------------------------------
     0 | D        | Found the +6 Majin-Bo {vamp, Archmagi MP+6 Int+6}
     0 | D        | Found the +7 great mace "Firestarter" {inner flame, rF++}
     0 | D        | KristoblXynda the Minotaur Fighter began the quest for the Orb.
     0 | D        | Reached XP level 1. HP: 19/19 MP: 0/0
     3 | D        | Found a blossoming altar of Fedhas.
     5 | D        | Found a viscous altar of Jiyva.
     5 | D        | Found a hazy altar of Hepliaklqana.
     5 | D        | Found a transporter.
     5 | D        | Found an opulent altar of Gozag.
     5 | D        | Found an ancient bone altar of Kikubaaqudgha.
     5 | D        | Found a corrupted altar of Lugonu.
    33 | D        | Found a burning altar of Makhleb.
    34 | D        | Found a sacrificial altar of Ru.
    34 | D        | Found a stormy altar of Qazlal.
    34 | D        | Found a deep blue altar of Sif Muna.
    34 | D        | Found an iron altar of Okawaru.
    34 | D        | Found a bloodstained altar of Trog.
    34 | D        | Found a sparkling altar of Nemelex Xobeh.
    55 | D        | Reached skill level 9 in Axes
    55 | D        | Reached XP level 2. HP: 26/26 MP: 1/1
    71 | D        | Became a worshipper of the Shining One
    84 | D        | Entered arena 2.
    84 | D        | Reached * piety under the Shining One
    84 | D        | Found a transporter.
   215 | D        | Identified Sif Muna's Disquisition on Supportive Transformation (You found it in the Dungeon)
   217 | D        | Entered arena 3.
   217 | D        | Noticed a deep elf mage
   217 | D        | Reached ** piety under the Shining One
   217 | D        | Noticed a yak
   217 | D        | Noticed a fire elemental
   217 | D        | Found a transporter.
   222 | D        | Noticed a basilisk
   222 | D        | a yak changed into a basilisk
   224 | D        | Killed a fire elemental
   224 | D        | Reached skill level 11 in Axes
   224 | D        | Reached XP level 3. HP: 31/31 MP: 2/2
   224 | D        | Reached XP level 4. HP: 39/39 MP: 3/3
   224 | D        | Reached XP level 5. HP: 45/45 MP: 4/4
   233 | D        | Killed a basilisk
   233 | D        | Reached XP level 6. HP: 25/51 MP: 5/5
   236 | D        | Noticed an ice beast
   238 | D        | Noticed an ice beast
   239 | D        | Killed a deep elf mage
   239 | D        | Reached skill level 13 in Axes
   239 | D        | Reached skill level 10 in Armour
   239 | D        | Reached skill level 10 in Shields
   239 | D        | Reached XP level 7. HP: 12/57 MP: 6/6
   524 | D        | Entered arena 4.
   524 | D        | Noticed a deep elf mage
   524 | D        | Noticed a deep elf mage
   524 | D        | Noticed a deep elf mage
   524 | D        | Reached *** piety under the Shining One
   524 | D        | Noticed a hand axe of draining
   524 | D        | Found a transporter.
   533 | D        | Killed a hand axe of draining
   533 | D        | Reached skill level 14 in Axes
   533 | D        | Reached XP level 8. HP: 55/64 MP: 7/7
   534 | D        | Killed a deep elf mage
   537 | D        | Killed a deep elf mage
   537 | D        | Reached skill level 15 in Axes
   537 | D        | Reached XP level 9. HP: 30/70 MP: 8/8
   538 | D        | Killed a deep elf mage
  1449 | D        | Entered arena 5.
  1449 | D        | Reached **** piety under the Shining One
  1449 | D        | Found a transporter.
  1455 | D        | Reached ***** piety under the Shining One
  1468 | D        | Entered arena 6.
  1468 | D        | Noticed Sigmund
  1468 | D        | Noticed Jessica
  1468 | D        | Noticed Blork the orc
  1468 | D        | Noticed Crazy Yiuf
  1468 | D        | Noticed Dowan
  1468 | D        | Found a transporter.
  1469 | D        | Found the +8 demon blade "Bloodbane" {slice, *Rage +Rage Stlth-}
  1470 | D        | Killed Dowan
  1472 | D        | Killed Crazy Yiuf
  1473 | D        | Killed Jessica
  1473 | D        | Reached skill level 1 in Evocations
  1475 | D        | Killed Sigmund
  1479 | D        | Killed Blork the orc
  1564 | D        | Entered arena 7.
  1564 | D        | Noticed a black mamba
  1564 | D        | Noticed a black mamba
  1564 | D        | Noticed a black mamba
  1564 | D        | Reached ****** piety under the Shining One
  1565 | D        | Found a transporter.
  1569 | D        | Killed a black mamba
  1569 | D        | Reached skill level 16 in Axes
  1571 | D        | Killed a black mamba
  1582 | D        | Killed a black mamba
  1582 | D        | Reached XP level 10. HP: 26/77 MP: 10/12
  1868 | D        | Entered arena 8.
  1869 | D        | Found a transporter.
  1875 | D        | Reached skill level 15 in Shields
  1875 | D        | Reached skill level 15 in Armour
  1887 | D        | Entered arena 9.
  1887 | D        | Noticed a scimitar of slicing
  1887 | D        | Noticed a dire flail of holy wrath
  1887 | D        | Noticed a deep elf mage
  1887 | D        | Noticed a deep elf archer
  1887 | D        | Noticed a war axe of chopping
  1887 | D        | Noticed a long sword of slicing
  1888 | D        | Found a transporter.
  1890 | D        | Noticed a fire crab
  1890 | D        | a hippogriff changed into a fire crab
  1892 | D        | Killed a long sword of slicing
  1892 | D        | Reached skill level 5 in Fighting
  1892 | D        | Reached skill level 5 in Evocations
  1894 | D        | Killed a war axe of chopping
  1897 | D        | Killed a deep elf mage
  1899 | D        | Slain by a scimitar of slicing

Vault maps used:
D:        sprint_v

Skill      XL: |  1  2  3  4  5  6  7  8  9 10 |
---------------+-------------------------------+-----
Axes           | 9 11 13 14 15 16 | 16.6
Armour         | 7 8 10 11 13 14 15 | 15.7
Shields        | 7 8 10 11 13 14 15 | 15.0
Evocations     | 4 6 |  6.4
Fighting       | 6 |  6.9
Dodging        | 4 |  4.6

Action                   |  1- 3 |  4- 6 |  7- 9 | 10-12 || total
-------------------------+-------+-------+-------+-------++-------
Melee: Broad axe         |     7 |     6 |    35 |    15 ||    63
       Headbutt          |     2 |     3 |    10 |     4 ||    19
  Use: Potion            |     3 |       |     2 |       ||     5
       Scroll            |       |       |       |     1 ||     1
  Eat: Meat ration       |       |       |     1 |       ||     1
Armor: Plate armour      |     8 |     6 |    28 |    12 ||    54
Dodge: Dodged            |     2 |     1 |    12 |    10 ||    25
Block: Shield            |     7 |     4 |    44 |    19 ||    74
